 Dungeon Crawl Stone Soup version 0.25.1-8-g42b30a86e7 (webtiles) character file.

Game seed: 5317622773280669021

15796 pokeman the Eclecticist (level 12, -1/66 HPs)
             Began as a Deep Elf Wizard on Dec 19, 2020.
             Was an Elder of Vehumet.
             Slain by a wolf (5 damage)
             ... on level 4 of the Lair of Beasts.
             The game lasted 01:08:26 (20540 turns).

pokeman the Eclecticist (Deep Elf Wizard)          Turns: 20540, Time: 01:08:27

Health: -1/66      AC: 13    Str:  7    XL:     12   Next: 4%
Magic:  34/42      EV: 12    Int: 29    God:    Vehumet [****..]
Gold:   768        SH:  5    Dex: 13    Spells: 31/42 levels left

rFire    . . .     SeeInvis .   D - +0 hand axe of Wogir {protect, Str+3} (curse)
rCold    . . .     Gourm    .   t - +0 buckler
rNeg     . . .     Faith    +   B - +1 acid dragon scales
rPois    .         Spirit   .   p - +0 helmet
rElec    .         Reflect  .   F - +2 cloak
rCorr    +         Harm     .   T - +0 pair of gloves
MR       +....                  (no boots)
Stlth    ++........             J - amulet of faith
HPRegen  0.21/turn              s - ring of magical power
MPRegen  0.28/turn              H - ring of wizardry

@: lethally poisoned (-1 -> -3)
A: no striking features
a: Renounce Religion


You were on level 4 of the Lair of Beasts.
You worshipped Vehumet.
Vehumet was greatly pleased with you.
You were hungry.

You visited 4 branches of the dungeon, and saw 16 of its levels.

You collected 768 gold pieces.

Inventory:

Hand Weapons
 k - a +0 dagger of venom
 y - a +0 shortbow
 D - the cursed +0 hand axe of Wogir (weapon) {protect, Str+3}
   (You found it on level 6 of the Dungeon)

   It grants its wielder temporary protection when it strikes (+7 to AC).
   It affects your strength (+3).
   It has a curse placed upon it.
 L - a +0 hand crossbow
Missiles
 v - 39 bolts
 z - 192 arrows
Armour
 p - a +0 helmet (worn)
 t - a +0 buckler (worn)
 B - +1 acid dragon scales (worn)
 F - a +2 cloak (worn)
 T - a +0 pair of gloves (worn)
Jewellery
 b - an uncursed ring of flight {unknown}
 s - a ring of magical power (left hand)
 H - a ring of wizardry (right hand)
 J - an amulet of faith (around neck)
 V - an uncursed ring of protection from fire
Wands
 e - a wand of flame (23)
 I - a wand of acid (6)
Scrolls
 g - 7 scrolls of teleportation
 h - 3 scrolls of fog {unknown}
 i - a scroll of torment {unknown}
 l - 10 scrolls of remove curse {unknown}
 n - 2 scrolls of immolation {unknown}
 q - 6 scrolls of amnesia {unknown}
 u - 2 scrolls of enchant armour {unknown}
 E - 2 scrolls of blinking {unknown}
 G - 2 scrolls of summoning {unknown}
 N - 2 scrolls of enchant weapon {unknown}
 W - 2 scrolls of vulnerability
Potions
 a - 2 potions of magic
 f - a potion of brilliance
 j - 9 potions of curing
 m - 2 potions of heal wounds
 P - 2 potions of might
Comestibles
 d - 39 rations


   Skills:
 - Level 4.0 Fighting
 + Level 3.5 Armour
 - Level 4.0 Dodging
 - Level 3.0 Stealth
 - Level 4.0 Shields
 * Level 15.8 Spellcasting
 + Level 9.8 Conjurations
 - Level 1.1 Summonings
 - Level 1.1 Translocations
 + Level 9.1 Fire Magic
 - Level 1.3 Air Magic
 - Level 1.0 Poison Magic
 - Level 1.0 Evocations


You had 31 spell levels left.
You knew the following spells:

 Your Spells              Type           Power        Failure   Level  Hunger
a - Magic Dart            Conj           ####         1%          1    None
b - Mephitic Cloud        Conj/Pois/Air  #####...     1%          3    None
c - Call Imp              Summ           ####....     1%          2    None
d - Blink                 Tloc           N/A          1%          2    None
e - Conjure Flame         Conj/Fire      ######..     1%          3    None

Your spell library contained the following spells:

 Spells                   Type           Power        Failure   Level  Hunger
 Fulminant Prism          Conj/Hex       ######....   1%          4    None
 Corona                   Hex            ###....      1%          1    None
 Freeze                   Ice            ###.         1%          1    None
 Dazzling Flash           Conj/Hex       ######       1%          3    None
 Frozen Ramparts          Ice            ###...       1%          3    None
 Hailstorm                Conj/Ice       ######..     1%          4    None
 Ensorcelled Hibernation  Hex/Ice        ###...       2%          2    None
 Slow                     Hex            ###.....     2%          2    None
 Confusing Touch          Hex            ###.....     4%          3    None
 Ozocubu's Armour         Chrm/Ice       ###.....     4%          3    None
 Tukima's Dance           Hex            ###.....     4%          3    None
 Summon Ice Beast         Ice/Summ       ####....     12%         4    None


Dungeon Overview and Level Annotations

Branches:
Dungeon (11/15)            Temple (1/1) D:7            Lair (2/6) D:8
    Orc (1/2) D:9
  Swamp: Lair:2-4    Shoals: Lair:2-4     Snake: Lair:2-4    Spider: Lair:2-4

Altars:
Ashenzari
Cheibriados
Dithmenos
Elyvilon
Fedhas
Gozag
Hepliaklqana
Kikubaaqudgha
Makhleb
Nemelex Xobeh
Okawaru
Qazlal
Ru
Sif Muna
Trog
Uskayaw
Vehumet
Wu Jian
Xom
Yredelemnul
Zin
The Shining One

Annotations:
D:10 3 runed translucent doors
D:11 2 transporters, Goucsema's ghost, novice FoHu
Lair:4 2 runed translucent doors, Gadfly's ghost, journeyman BaIE


Message History

Casting: Mephitic Cloud (safe; 1% risk of failure)
Confirm with . or Enter, or press ? or * to list all spells.
You blink.
You feel sick.
The wolf stops to sniff the ground.
The bullfrog is engulfed in noxious fumes.
The bullfrog appears confused.
The bullfrog is engulfed in noxious fumes.
Found a stone staircase leading up.
Unknown command.
A spear hits the wolf!
You feel sick.
You feel sick. The wolf misses you.
You feel sick. The wolf barely misses you.
There is a stone staircase leading up here.
The wolf bites you.
* * * LOW HITPOINT WARNING * * *
The wolf bites you.
You die...

**,,,,,≈** #*,,,,,,*
**#*###.,,,,,** **,#.#...#####*
,,,,.....#...####
............#.P.## ****
♣.....♣.♣........# *****,,*****
...........h...h.##*,,,,,,,,,,**
........≈≈...h.h@P#*,,,,,,,,,,,*
.......≈≈≈.♣...hP##**,,,,,,,,,**
......≈≈≈..♣.h...#*,,,,,,,,,,,**
.%...h≈≈....♣....#**,,,,,,,,,,,*
.....≈≈.....♣....+,,+,,,,,,,,,,*
...≈^h............#**,,,,,,,,,**
..h(≈....Y..[....## #..........*
.h^≈.l........P.## #......<..#*
≈hh..........P*** #........>*


You could see 6 wolves.

Vanquished Creatures
  A two-headed ogre (D:11)
  A tengu warrior (D:10)
  An orc sorcerer (D:9)
  A manticore (D:11)
  An ugly thing (D:8)
  A spiny frog (Lair:1)
  The ghost of Snicker the Covert, a novice SpEn of Gozag (D:6)
  Maggie (D:6)
  A rime drake (Lair:1)
  6 komodo dragons (Lair:1)
  The ghost of Greyn the Changer, a novice OpTm of Sif Muna (D:5)
  A tengu conjurer (D:10)
  Grinder (D:6)
  2 trolls (D:9)
  3 hippogriffs
  2 hornets
  Prince Ribbit (D:6)
  A spriggan (D:10)
  4 yaks (D:10)
  2 wyverns (D:8)
  Eustachio (D:5)
  A hungry ghost (D:9)
  2 wargs
  Duvessa (D:7)
  7 porcupines (Lair:1)
  5 orc warriors
  2 sky beasts
  2 black bears
  A necrophage (D:6)
  An ice beast (D:5)
  5 ogres
  6 phantoms
  6 wolves
  6 centaurs
  4 crocodiles (Lair:1)
  2 big kobolds
  6 bullfrogs
  A gnoll sergeant (D:10)
  Dowan (D:7)
  2 scorpions
  8 killer bees
  6 wights
  5 howler monkeys
  5 crimson imps
  A quasit (D:8)
  A bullfrog zombie (D:7)
  2 centaur zombies
  3 bullfrog skeletons
  5 hounds
  2 jellies
  13 orc wizards
  2 orc priests
  Crazy Yiuf (D:6)
  Natasha (thrice) (D:3)
  8 worker ants
  A hound zombie (D:10)
  2 hound skeletons
  11 adders
  12 gnolls
  2 oozes
  An adder zombie (D:9)
  2 adder skeletons (D:4)
  3 worms
  2 dart slugs (D:2)
  8 leopard geckos
  53 orcs
  2 ball pythons
  5 giant cockroaches
  4 goblins
  6 hobgoblins
  13 jackals
  21 kobolds
  4 quokkas
  8 bats
  3 frilled lizards
  A leopard gecko skeleton (D:4)
  A quokka zombie (D:5)
  11 rats
336 creatures vanquished.

Vanquished Creatures (collateral kills)
  A cyclops (D:11)
  A killer bee (D:11)
  A worker ant (D:11)
  2 orcs (D:9)
5 creatures vanquished.

Vanquished Creatures (others)
  A fungus (Lair:4)
  4 plants
5 creatures vanquished.

Grand Total: 346 creatures vanquished

Notes
Turn   | Place    | Note
-------+----------+-------------------------------------------
     0 | D:1      | pokeman the Deep Elf Wizard began the quest for the Orb.
     0 | D:1      | Reached XP level 1. HP: 10/10 MP: 7/7
   153 | D:1      | Reached XP level 2. HP: 16/16 MP: 6/9
   592 | D:1      | Reached skill level 5 in Spellcasting
   954 | D:2      | Reached XP level 3. HP: 20/20 MP: 8/11
   959 | D:2      | Learned a level 3 spell: Mephitic Cloud
   962 | D:2      | Learned a level 2 spell: Call Imp
   965 | D:2      | Learned a level 2 spell: Blink
   969 | D:2      | Learned a level 3 spell: Conjure Flame
  1691 | D:2      | Reached skill level 1 in Fighting
  1691 | D:2      | Reached skill level 1 in Armour
  2225 | D:3      | Reached XP level 4. HP: 25/25 MP: 9/13
  2278 | D:3      | HP: 1/25 [poisoned by an adder]
  2286 | D:3      | HP: 1/37 [poisoned by an adder]
  2749 | D:3      | Reached skill level 1 in Poison Magic
  2903 | D:3      | Reached skill level 6 in Spellcasting
  2903 | D:3      | Reached XP level 5. HP: 29/29 MP: 10/15
  2915 | D:3      | Noticed Natasha
  2921 | D:3      | Killed Natasha
  3182 | D:3      | Noticed Natasha
  3191 | D:3      | Reached skill level 1 in Air Magic
  3201 | D:3      | Killed Natasha
  3403 | D:3      | Noticed Natasha
  3416 | D:3      | Killed Natasha
  3902 | D:4      | Found a white marble altar of Elyvilon.
  3902 | D:4      | Found a glowing golden altar of the Shining One.
  3902 | D:4      | Found a glowing silver altar of Zin.
  3923 | D:4      | Reached XP level 6. HP: 21/34 MP: 10/17
  4211 | D:4      | Found a sparkling altar of Nemelex Xobeh.
  4213 | D:4      | Found an opulent altar of Gozag.
  4238 | D:4      | Reached skill level 7 in Spellcasting
  4304 | D:4      | Reached skill level 1 in Fire Magic
  4608 | D:4      | Reached XP level 7. HP: 38/38 MP: 15/20
  4664 | D:4      | Reached skill level 1 in Evocations
  5051 | D:5      | Entered Level 5 of the Dungeon
  5066 | D:5      | Found a runed translucent door.
  5066 | D:5      | Found a shimmering blue altar of Sif Muna.
  5270 | D:5      | Reached skill level 8 in Spellcasting
  5832 | D:5      | Noticed Greyn's ghost (novice OpTm)
  6007 | D:5      | Noticed Eustachio
  6029 | D:5      | Killed Eustachio
  6029 | D:5      | Reached skill level 9 in Spellcasting
  6029 | D:5      | Reached XP level 8. HP: 34/44 MP: 19/23
  6956 | D:5      | Reached skill level 1 in Shields
  6956 | D:5      | Reached skill level 5 in Conjurations
  7086 | D:5      | Killed Greyn's ghost
  7086 | D:5      | Reached skill level 10 in Spellcasting
  7151 | D:6      | Noticed Grinder
  7406 | D:6      | Paralysed by Grinder for 4 turns
  7871 | D:6      | Killed Grinder
  7871 | D:6      | Reached XP level 9. HP: 22/48 MP: 1/25
  8340 | D:6      | Found a large runed translucent door.
  8340 | D:6      | Found a large runed translucent door.
  8346 | D:6      | Noticed Maggie
  8390 | D:6      | Killed Maggie
  8390 | D:6      | Reached skill level 11 in Spellcasting
  8465 | D:6      | Got a slimy hand axe
  8493 | D:6      | Noticed Prince Ribbit
  8514 | D:6      | Killed Prince Ribbit
  8514 | D:6      | Reached skill level 5 in Fire Magic
  8605 | D:6      | Found a bloodstained altar of Trog.
  8638 | D:6      | Noticed Snicker's ghost (novice SpEn)
  8657 | D:6      | Found a sacrificial altar of Ru.
  8657 | D:6      | Found a hide-covered altar of Uskayaw.
  8657 | D:6      | Found a hazy altar of Hepliaklqana.
  8712 | D:6      | Found a runed translucent door.
  8713 | D:6      | Noticed Crazy Yiuf
  8722 | D:6      | Killed Crazy Yiuf
  8846 | D:6      | Killed Snicker's ghost
  8939 | D:7      | Noticed Duvessa
  8939 | D:7      | Noticed Dowan
  8954 | D:7      | Killed Duvessa
  9002 | D:7      | Killed Dowan
  9511 | D:7      | Reached skill level 12 in Spellcasting
 10319 | D:7      | Found a staircase to the Ecumenical Temple.
 10326 | Temple   | Entered the Ecumenical Temple
 10357 | Temple   | Became a worshipper of Vehumet
 10381 | D:7      | Identified the cursed +0 hand axe of Wogir {protect, Str+3}
                  | (You found it on level 6 of the Dungeon)
 10532 | D:8      | Noticed a white ugly thing
 10553 | D:8      | Killed a white ugly thing
 10553 | D:8      | Reached XP level 10. HP: 15/53 MP: 17/28
 11243 | D:8      | Reached skill level 13 in Spellcasting
 11369 | D:8      | Reached * piety under Vehumet
 11369 | D:8      | Offered knowledge of Freeze by Vehumet.
 11446 | D:8      | Found a staircase to the Lair.
 12264 | D:9      | Found a white marble altar of Elyvilon.
 13015 | D:9      | Found a staircase to the Orcish Mines.
 13525 | D:9      | Reached ** piety under Vehumet
 13525 | D:9      | Offered knowledge of Searing Ray by Vehumet.
 13633 | D:9      | Found a shadowy altar of Dithmenos.
 13737 | D:10     | Entered Level 10 of the Dungeon
 14075 | D:10     | Found a runed translucent gate.
 14076 | D:10     | Found a runed translucent gate.
 14076 | D:10     | Found a runed translucent gate.
 14076 | D:10     | Noticed a purple ugly thing
 14077 | D:10     | Noticed a cyan ugly thing
 14077 | D:10     | Noticed a green ugly thing
 14077 | D:10     | Noticed a purple ugly thing
 14077 | D:10     | Noticed a glowing orange brain
 14078 | D:10     | Noticed a cyan ugly thing
 14118 | D:10     | Reached skill level 14 in Spellcasting
 14125 | D:10     | Reached XP level 11. HP: 31/58 MP: 21/31
 14940 | D:10     | Noticed a tengu warrior
 14954 | D:10     | Killed a tengu warrior
 15153 | D:10     | Offered knowledge of Frozen Ramparts by Vehumet.
 15796 | D:11     | Found a transporter.
 15799 | D:11     | Found a transporter.
 15799 | D:11     | Noticed Goucsema's ghost (novice FoHu)
 16170 | D:11     | Found a blossoming altar of Fedhas.
 16244 | D:11     | Noticed a two-headed ogre
 16317 | D:11     | Killed a two-headed ogre
 16718 | D:11     | Noticed a death knight
 16763 | D:11     | Reached *** piety under Vehumet
 16820 | D:11     | Noticed a death knight
 16949 | Lair:1   | Entered Level 1 of the Lair of Beasts
 17055 | Lair:1   | Reached skill level 15 in Spellcasting
 17579 | Lair:1   | Offered knowledge of Fulminant Prism by Vehumet.
 18583 | Orc:1    | Entered Level 1 of the Orcish Mines
 18611 | Orc:1    | Noticed an orc sorcerer
 18974 | D:9      | Killed an orc sorcerer
 19705 | D:9      | Reached **** piety under Vehumet
 20134 | Lair:1   | Reached XP level 12. HP: 47/66 MP: 33/33
 20468 | Lair:2   | You fall into a shaft and drop 2 floors!
 20468 | Lair:4   | Noticed an eight-headed hydra
 20518 | Lair:4   | Found a runed translucent gate.
 20519 | Lair:4   | Noticed Gadfly's ghost (journeyman BaIE)
 20520 | Lair:4   | Noticed an 11-headed hydra
 20524 | Lair:4   | Found a runed translucent gate.
 20540 | Lair:4   | Slain by a wolf

Illustrated notes

Levels and vault maps discovered:
D:1:      minmay_arrival_four_loops, layout_basic
D:2:      layout_basic
D:3:      layout_basic, first_ration, uniq_natasha
D:4:      minmay_inner_zag, layout_basic, grunt_temple_overflow_opulence,
          good_gods_mini_temple
D:5:      layout_layer_cave, overflow_temple_1_default,
          hellmonk_ghost_happy_afterlife, uniq_eustachio
D:6:      layout_cave_pools, gammafunk_temple_overflow_claw,
          ebering_ghost_disaster_area, trog_three_pillars_becter, uniq_grinder,
          uniq_maggie, uniq_crazy_yiuf_cottage, uniq_prince_ribbit1
D:7:      layout_gridville, minmay_temple_entry_statues_pillars, uniq_duvessa
D:8:      minmay_chambers_of_sixes, layout_basic, erik_lair_orcish_takeover
D:9:      layout_roguey, kennysheep_mini, david_orc_2, basic_altar
D:10:     layout_layer_cave, ploomutoo_gammafunk_ghost_potion_laboratory,
          the_bakery
D:11:     layout_irregular_city, gammafunk_ghost_mausoleum, basic_altar,
          palyth_stone_intersect, minmay_misc_feat_rugged
Temple:   minmay_temple_bridge_abc
Lair:1:   layout_small_grid, beast_lair_carwin_6
Lair:2:   layout_small_grid
Lair:4:   layout_roguey, gammafunk_ghost_hydra_chop, gauntlet_entry_generic,
          grunt_forest_large_clearings, serial_bayou_shore_b
Orc:1:    layout_diamond_mine

Skill      XL: |  1  2  3  4  5  6  7  8  9 10 11 |
---------------+----------------------------------+-----
Spellcasting   | 5 6 7 9 10 12 14 15 | 15.8
Fighting       | 1 2 4 |  4.0
Armour         | 1 3 |  3.5
Conjurations   | 2 3 4 5 7 8 9 |  9.8
Poison Magic   | 1 |  1.0
Dodging        | 3 4 |  4.0
Air Magic      | 1 |  1.3
Fire Magic     | 1 3 4 6 7 9 |  9.1
Evocations     | 1 |  1.0
Stealth        | 3 |  3.0
Shields        | 2 3 4 |  4.0
Summonings     | |  1.1
Translocations | |  1.1

Action                   |  1- 3 |  4- 6 |  7- 9 | 10-12 || total
-------------------------+-------+-------+-------+-------++-------
Melee: Dagger            |       |    34 |   132 |       ||   166
       Hand axe          |       |       |       |   148 ||   148
 Cast: Magic Dart        |    90 |   123 |   304 |   544 ||  1061
       Mephitic Cloud    |       |     5 |    19 |    64 ||    88
       Blink             |       |     1 |     3 |    23 ||    27
       Conjure Flame     |       |       |    19 |    65 ||    84
       Call Imp          |       |       |     9 |    59 ||    68
Evoke: Wand              |       |       |       |     9 ||     9
  Use: Potion            |       |     1 |       |       ||     1
       Scroll            |       |       |       |    12 ||    12
 Stab: Confused          |       |     6 |    11 |    13 ||    30
  Eat: Chunk             |     3 |     8 |    18 |    27 ||    56
       Ration            |       |       |       |     1 ||     1
Armor: Robe              |       |     2 |       |       ||     2
       Skin              |       |     1 |       |       ||     1
       Leather armour    |       |     6 |    58 |       ||    64
       Acid dragon scale |       |       |     3 |   162 ||   165
Dodge: Dodged            |    13 |    30 |   125 |   218 ||   386
Block: Buckler           |       |       |    21 |   103 ||   124
